 Dungeon Crawl Stone Soup version 0.30-a0-374-g95c0257040 (webtiles) character file.

Game seed: 18196493928206366230

5 McGhostyFace the Ducker (level 1, -6/13 HPs)
             Began as a Gnoll Wanderer on Nov 25, 2022.
             Mangled by a kobold
             ... wielding a +2 dagger of electrocution
              (19 damage)
             ... on level 1 of the Dungeon.
             The game lasted 00:00:40 (206 turns).

McGhostyFace the Ducker (Gnoll Wanderer)             Turns: 206, Time: 00:00:41

Health: -6/13      AC:  3    Str:  9    XL:     1   Next: 80%
Magic:  3/4        EV: 14    Int:  9    God:
Gold:   1          SH:  0    Dex: 15    Spells: 4/5 levels left

rFire   . . .      SeeInvis .    a - +0 dagger
rCold   . . .      Faith    .    (no shield)
rNeg    . . .      Spirit   .    e - +0 leather armour
rPois   .          Reflect  .    (no helmet)
rElec   .          Harm     .    (no cloak)
rCorr   .          Rampage  .    (no gloves)
Will    .....                    (no boots)
Stlth   +.........               (no amulet)
HPRegen 0.22/turn                (no ring)
MPRegen 0.09/turn                (no ring)

@: no status effects
A: fangs 1, strong nose, distributed training
a: no special abilities


You were on level 1 of the Dungeon.
You visited 1 branch of the dungeon, and saw 1 of its levels.

You collected 1 gold pieces.

Inventory:

Hand Weapons
 a - a +0 dagger (weapon)
Missiles
 b - 4 throwing nets (quivered)
Armour
 e - a +0 leather armour (worn)
Scrolls
 d - a scroll of silence
Potions
 c - a potion of curing


   Skills:
 + Level 0.1 Fighting
 + Level 0.1 Short Blades
 + Level 0.1 Long Blades
 + Level 0.1 Axes
 + Level 0.1 Maces & Flails
 + Level 0.1 Polearms
 + Level 0.1 Staves
 + Level 0.1 Ranged Weapons
 + Level 0.1 Throwing
 + Level 2.4 Armour
 + Level 6.4 Dodging
 + Level 0.1 Stealth
 + Level 0.1 Shields
 + Level 0.1 Unarmed Combat
 + Level 2.6 Spellcasting
 + Level 0.1 Conjurations
 + Level 0.1 Hexes
 + Level 3.6 Summonings
 + Level 0.1 Necromancy
 + Level 0.1 Translocations
 + Level 0.1 Transmutations
 + Level 0.1 Fire Magic
 + Level 0.1 Ice Magic
 + Level 0.1 Air Magic
 + Level 0.1 Earth Magic
 + Level 0.1 Poison Magic
 + Level 6.4 Invocations
 + Level 0.1 Evocations


You had 4 spell levels left.
You knew the following spells:

 Your Spells              Type           Power      Damage    Failure   Level
a - Summon Small Mammal   Summ           28%        N/A       10%         1

Your spell library contained the following spells:

 Spells                   Type           Power      Damage    Failure   Level
 Call Canine Familiar     Summ           7%         N/A       28%         3


Dungeon Overview and Level Annotations

Branches:
Dungeon (1/15)

Altars:


Innate Abilities, Weirdness & Mutations

You have very sharp teeth.
Your uncanny sense of smell can sniff out nearby items.
Your experience applies equally to all skills.


Message History

The ball python dies!
Your rat disappears in a puff of smoke!
A kobold comes into view.
It is wielding a +2 dagger of electrocution.
The kobold shouts!
The kobold throws a stone.
The stone hits you but does no damage.
A kobold is nearby!
Casting: Summon Small Mammal (safe; 10% risk of failure)
Confirm with . or Enter, or press ? or * to list all spells.
A ball python comes into view.
The kobold throws a stone.
The stone closely misses your bat. The stone hits you but does no damage.
Casting: Summon Small Mammal (safe; 10% risk of failure)
Confirm with . or Enter, or press ? or * to list all spells.
Your bat disappears in a puff of smoke!
Your bat closely misses the ball python.
Your bat hits the ball python. x2; The ball python barely misses your bat. x2
A ball python comes into view.
Your bat hits the ball python.
Found a robe.
Your bat hits the ball python.
The ball python dies!
Your bat misses the kobold.
Your bat closely misses the kobold.
A hobgoblin comes into view.
The kobold barely misses your bat.
Your bat closely misses the kobold.
The kobold throws a stone.
The stone barely misses your bat. The stone closely misses your bat.
The stone closely misses you.
Your bat hits the kobold.
The kobold throws a stone.
The stone misses your bat. The stone barely misses you.
Your bat barely misses the kobold.
The kobold hits your bat with a +2 dagger of electrocution.
Your bat dies!
Your bat's corpse disappears in a puff of smoke!
The kobold barely misses your bat.
Your bat hits the kobold but does no damage.
The kobold barely misses your bat.
Your bat hits the kobold.
The kobold throws a stone.
The stone barely misses you. The kobold hits you but does no damage.
You are electrocuted!!
Ouch! That really hurt!
You die...

... ### ... ... ... ###
#.## ∆ #.# ##.####.. ∆
#.## ##.......##
#.##.##.....##..##
####.##.......bK@...#
.....#####....gS.##...#
#.##b# ##...##..##..#
..##.#######.####.#∆..#
.###.#.....#.####..[#.#
.⌠##...###.....bK..##..
.#####.# #...####...
#.. _⌠# #.# #.### ....
..# .## #.....#


You could see a hobgoblin, a ball python, a kobold (ally target) and a friendly
bat (summoned).

Vanquished Creatures
  A dart slug (D:1)
1 creature vanquished.

Vanquished Creatures (collateral kills)
  2 ball pythons (D:1)
2 creatures vanquished.

Grand Total: 3 creatures vanquished

Notes
Turn   | Place    | Note
-------+----------+-------------------------------------------
     0 | D:1      | McGhostyFace the Gnoll Wanderer began the quest for the
                  | Orb.
     0 | D:1      | McGhostyFace set off with the following items: a +0 dagger,
                  | 4 throwing nets, a potion of curing, a scroll of silence, a
                  | +0 leather armour; and the following spell memorised:
                  | Summon Small Mammal; and the following spells available to
                  | memorise: Call Canine Familiar.
     0 | D:1      | Reached XP level 1. HP: 13/13 MP: 4/4
   138 | D:1      | Found a faded altar of an unknown god.
   206 | D:1      | Mangled by a kobold

Illustrated notes

Levels and vault maps discovered:
D:1:      minmay_arrival_four_houses, layout_loops_ring,
          ebering_ecumenical_altar_hall, minmay_pentomino_r2

Action                   || total
-------------------------++-------
Melee: Dagger            ||     4
       Bite              ||     1
 Cast: Summon Small Mamm ||     6
Armor: Leather armour    ||     3
Dodge: Dodged            ||     3

Table legend: (Time is in decaauts)
 A = Elapsed time spent in this place.
 B = Non-inter-level travel time spent in this place.
 C = Inter-level travel time spent in this place.
 D = Time resting spent in this place.
 E = Time spent auto-exploring this place.
 F = Levels seen in this place.
 G = Mean time per level.
                   A        B        C        D        E       F      G
               +--------+--------+--------+--------+--------+-----+--------+
         Total |    206 |    206 |      0 |      4 |    148 |   1 |  206.0 |
       Dungeon |    206 |    206 |      0 |      4 |    148 |   1 |  206.0 |
               +--------+--------+--------+--------+--------+-----+--------+

Top non-repeatable levels by time:
     D:1: 206 daAuts
